AoeStats
← OM | Kerry Copyto

Nomad

506551842Analyzed
2v2 RM · 19d ago on Sep 14, 2026· 49m 32s· 4 players
Game mode
Random Map
Map size
176×176
Population
200
Speed
Normal
Resources
Standard
Victory
Conquest
Starting age
Dark Age
Ending age
Imperial Age
RankedLock teamsTeams togetherTeam positionsShared explorationLock speedFull tech treeHidden civsTurbo modeCheats
Victory
Defeat
🇦🇷 Malians · Argentina
1423
+15
🇦🇷 Jurchens · Argentina
1287
+20
🇲🇽 Vietnamese · Mexico
1456
-20
🇲🇽 Muisca · Mexico
1335
-15
LVDB_Curandero
4:41 Loom
13:25 Feudal Age
18:49 Castle Age
18:42 Double-Bit Axe
18:38 Horse Collar
20:30 Fishing Lines
22:56 Bow Saw
23:52 Scale Barding Armor
25:50 Heavy Plow
25:50 Gillnets
32:04 Wheelbarrow
31:14 Town Watch
32:40 Gold Mining
32:40 Stone Mining
35:46 Fortified Bastions
40:37 Imperial Age
39:16 Chain Barding Armor
39:07 Forging
40:49 Murder Holes
41:06 Masonry
40:37 Treadmill Crane
43:14 Plate Barding Armor
43:58 Hoardings
45:44 Conscription
48:33 Iron Casting
47:49 Fletching
48:47 Padded Archer Armor
49:02 Siege Engineers
LVDB_Mat
4:51 Loom
13:22 Feudal Age
18:22 Castle Age
16:25 Fletching
19:32 Bodkin Arrow
20:12 Medium Warships
21:05 Gold Mining
24:00 Bloodlines
23:59 Husbandry
30:37 Scale Mail Armor
33:25 Chain Mail Armor
33:29 Squires
34:26 Forging
40:03 Imperial Age
41:04 Iron Casting
41:50 Plate Mail Armor
42:11 Conscription
43:29 Padded Archer Armor
46:52 Arson
OM | Kerry Copyto
5:40 Loom
14:03 Feudal Age
14:46 Double-Bit Axe
15:51 Fletching
16:01 Padded Archer Armor
23:29 Castle Age
24:20 Bodkin Arrow
23:46 Crossbowman
25:33 Medium Warships
26:00 Town Watch
30:48 Ballistics
32:50 Treadmill Crane
33:05 Murder Holes
36:17 Horse Collar
39:41 Wheelbarrow
39:30 Bow Saw
43:00 Imperial Age
41:02 Heavy Plow
40:56 Gold Mining
40:56 Stone Mining
43:25 Elite Rattan Archer
44:25 Paper Money
45:19 Chemistry
43:40 Arbalester
44:26 Thumb Ring
44:09 Pikeman
44:50 Squires
45:46 Siege Engineers
46:46 Forging
47:16 Halberdier
48:00 Scale Mail Armor
48:35 Iron Casting
49:06 Bracer
49:25 Chain Mail Armor
49:45 Iron Casting
Nataly_
3:57 Loom
14:22 Feudal Age
15:41 Fishing Lines
18:18 Castle Age
16:55 Double-Bit Axe
19:45 Bow Saw
20:48 Fervor
31:54 Horse Collar
34:59 Wheelbarrow
38:42 Imperial Age
38:10 Fletching
40:02 Bodkin Arrow
40:50 Conscription
40:31 Elite Guecha Warrior
42:10 Bracer
43:07 Padded Archer Armor
44:58 Capped Ram
Connection lost

Rejoining the realm…

Still unreachable

The connection could not be restored.

Session expired

The server has moved on; the page needs a fresh start.